 Dungeon Crawl Stone Soup version 0.18.1-50-g88ac8fd (webtiles) character file.

64 mopl the Insei (level 4, -3/24 HPs)
             Began as a Vine Stalker Monk on July 25, 2018.
             Slain by magog001's ghost (10 damage)
             ... on level 3 of the Dungeon.
             The game lasted 00:02:50 (1827 turns).

mopl the Insei (Vine Stalker Monk)                  Turns: 1827, Time: 00:02:51

Health: -3/24      AC:  1    Str: 13    XL:     4   Next: 12%
Magic:  0/5        EV:  8    Int: 10    God:
Gold:   119        SH:  0    Dex: 18    Spells: 0 memorised, 3 levels left

rFire  . . .     SeeInvis .     a - +0 dagger (venom)
rCold  . . .     Gourm    .     f - +0 robe
rNeg   . . .     Faith    .     (no shield)
rPois  .         Spirit   +     (no helmet)
rElec  .         Dismiss  .     (no cloak)
rCorr  .         Reflect  .     (no gloves)
SustAt .         Harm     .     d - +0 pair of boots
MR     .....                    (no amulet)
Stlth  ++++......               i - -2 ring of protection (curse)
                                h - ring of stealth

@: drained, not resistant to hostile enchantments, stealthy
A: fangs 2, regeneration 1, magic shield, antimagic bite, no device heal 3, rot
immunity
a: no special abilities


You were on level 3 of the Dungeon.
You were hungry.

You visited 1 branch of the dungeon, and saw 3 of its levels.

You collected 119 gold pieces.

Inventory:

Hand Weapons
 a - a +0 dagger of venom (weapon)
 p - a +1 dagger of draining
 t - a +0 short sword of venom
Missiles
 u - 9 poisoned needles
Armour
 d - a +0 pair of boots (worn)
 f - a +0 robe (worn)
Jewellery
 h - a ring of stealth (left hand)
 i - a cursed -2 ring of protection (right hand)
Wands
 r - a wand of lightning (13/15)
 s - a wand of polymorph (5/24)
Scrolls
 c - a scroll of random uselessness {unknown}
 k - 2 scrolls of identify {unknown}
 l - 5 scrolls of teleportation {unknown}
 n - 2 scrolls of enchant armour {unknown}
Potions
 e - a potion of ambrosia {unknown}
 g - 2 potions of haste {unknown}
 j - a potion of might {unknown}
 m - 2 potions of cure mutation {unknown}
 v - a potion of brilliance {unknown}
Comestibles
 b - a bread ration
 o - a meat ration
 q - 2 fruits


   Skills:
 + Level 3.0(2.7) Fighting
 * Level 1.8(1.6) Short Blades
 + Level 2.7(2.4) Dodging
 + Level 3.4(3.1) Stealth
 - Level 4.0(3.7) Unarmed Combat
 * Level 0.5(0.2) Evocations


You had 3 spell levels left.
You didn't know any spells.

Dungeon Overview and Level Annotations

Branches:
Dungeon (3/15)

Altars:
Ashenzari
Trog
Zin

Annotations:
D:3 magog001's ghost, amateur MiFi


Innate Abilities, Weirdness & Mutations

You have extremely sharp teeth.
Your natural rate of healing is unusually fast.
When hurt, damage is shared between your health and your magic reserves.
Your bite disrupts and absorbs the magic of your enemies.
Potions and wands cannot restore your health.
You are immune to rotting.


Message History

Magog001's ghost screams, "There is no future for me!"
Magog001's ghost barely misses you.
Magog001's ghost lets out a mournful wail.
Magog001's ghost tells you, "The cards don't hold a good future for you."
Magog001's ghost lets out a mournful wail.
You see here a long bone wand.
s - a wand of polymorph Magog001's ghost barely misses you.
Magog001's ghost hits you!
Ouch! That really hurt!
The kobold shouts!
Found a robe.
The kobold throws a stone.
The stone closely misses you.
The kobold throws a stone.
The stone misses you.
The kobold throws a stone.
The stone closely misses you. Magog001's ghost hits you!
* * * LOW HITPOINT WARNING * * *
There is a stone staircase leading up here.
Magog001's ghost hits you!
You die...

.....# ##.#..### #..#..##
#.##...# .......###
#...##.##### #.##......#
##.........#
#......#S.####............
####..#.K...........###.
#####.......[.......#
#............#...##...
[..######...#@.#..#...## .
#....W.........#
#.#.(....##..# #
...#.##.### ... ###....#.#
.. #....?.... #...........
#...###...#... .....
.####..


You could see magog001's ghost, an adder (wandering) and a kobold.

Vanquished Creatures
  An adder (D:2)
  3 worms (D:2)
  A dart slug (D:1)
  5 giant geckos (D:1)
  A giant cockroach (D:1)
  3 hobgoblins (D:1)
  8 bats
  A giant newt (D:2)
  8 goblins
  A kobold (D:1)
  9 rats
41 creatures vanquished.

Notes
Turn   | Place    | Note
--------------------------------------------------------------
     0 | D:1      | mopl the Vine Stalker Monk began the quest for the Orb.
     0 | D:1      | Reached XP level 1. HP: 11/11 MP: 2/2
   152 | D:1      | Reached XP level 2. HP: 15/16 MP: 3/3
   309 | D:1      | Reached skill level 3 in Stealth
   406 | D:1      | Reached skill level 1 in Short Blades
   406 | D:1      | Reached XP level 3. HP: 19/19 MP: 4/4
  1086 | D:2      | Found a glowing silver altar of Zin.
  1093 | D:2      | Found a shattered altar of Ashenzari.
  1647 | D:2      | Reached XP level 4. HP: 23/23 MP: 5/5
  1761 | D:2      | Reached skill level 3 in Fighting
  1783 | D:3      | Noticed magog001's ghost (amateur MiFi)
  1786 | D:3      | Found a bloodstained altar of Trog.
  1827 | D:3      | Slain by magog001's ghost

Skill      XL: |  1  2  3  4 |
---------------+-------------+-----
Stealth        | 3 |  3.4
Short Blades   | 1 |  1.8
Fighting       | 3 |  3.0
Dodging        | |  2.7
Unarmed Combat | |  4.0
Evocations     | |  0.5

Action                   |  1- 3 |  4- 6 || total
-------------------------+-------+-------++-------
Melee: Dagger            |    82 |     2 ||    84
       Unarmed           |     9 |       ||     9
       Bite              |    18 |       ||    18
       Punch             |     1 |       ||     1
 Stab: Sleeping          |    10 |     1 ||    11
  Eat: Chunk             |     2 |       ||     2
Armor: Robe              |    11 |       ||    11
Dodge: Dodged            |    39 |     5 ||    44
